 Dungeon Crawl Stone Soup version 0.28.0-53-g5a82cb258f (webtiles) character file.

Game seed: 4394850128354875392

6 safid the Digger (level 1, 0/10 HPs)
             Began as a Gargoyle Earth Elementalist on Aug 25, 2022.
             Constricted to death by a ball python (1 damage)
             ... on level 1 of the Dungeon.
             The game lasted 00:00:39 (64 turns).

safid the Digger (Gargoyle Earth Elementalist)        Turns: 64, Time: 00:00:40

Health: 0/10       AC:  4    Str: 11    XL:     1   Next: 90%
Magic:  0/3        EV:  9    Int: 15    God:
Gold:   0          SH:  0    Dex: 10    Spells: 3/4 levels left

rFire   . . .      SeeInvis .   a - +0 dagger
rCold   . . .      Faith    .   (no shield)
rNeg    + . .      Spirit   .   b - +0 robe
rPois   ∞          Reflect  .   (no helmet)
rElec   +          Harm     .   (no cloak)
rCorr   .          Rampage  .   (no gloves)
Will    .....                   (no boots)
Stlth   ++........              (no amulet)
HPRegen 0.03/turn               (no ring)
MPRegen 0.08/turn               (no ring)

@: constricted
A: sickness immunity, AC +2, negative energy resistance 1, electricity
resistance, torment resistance 1, petrification resistance
a: no special abilities


You were on level 1 of the Dungeon.
You visited 1 branch of the dungeon, and saw 1 of its levels.

Inventory:

Hand Weapons
 a - a +0 dagger (weapon)
Missiles
 c - 24 stones
Armour
 b - a +0 robe (worn)


   Skills:
 + Level 1.6 Dodging
 + Level 2.3 Stealth
 + Level 2.1 Spellcasting
 + Level 0.9 Transmutations
 + Level 3.7 Earth Magic


You had 3 spell levels left.
You knew the following spells:

 Your Spells              Type           Power      Damage    Failure   Level
a - Sandblast             Erth           24%        2d8       4%          1

Your spell library contained the following spells:

 Spells                   Type           Power      Damage    Failure   Level
 Passwall                 Tmut/Erth      6%         N/A       13%         2
 Stone Arrow              Conj/Erth      14%        3d7       30%         3
 Petrify                  Tmut/Erth      8%         N/A       63%         4


Dungeon Overview and Level Annotations

Branches:
Dungeon (1/15)

Altars:


Innate Abilities, Weirdness & Mutations

You are immune to sickness and miasma.
Your stone body is resilient. (AC +2)
You are immune to poison.
You resist negative energy. (rN+)
You are resistant to electric shocks. (rElec)
You are resistant to unholy torment.
You are immune to petrification.


Message History

You are very lightly contaminated with residual magic.
Nothing appears to happen.
Unknown command.
The ball python hisses angrily.
Found a stone staircase leading down.
Your magical contamination has completely faded away.
The ball python closely misses you. The ball python grabs you.
The ball python constricts you.
Casting: Sandblast (safe; 4% risk of failure)
Confirm with . or Enter, or press ? or * to list all spells.
Aiming: Sandblast (safe; 4% risk of failure)
Press: ? - help, Shift-Dir - straight line, f/p - hobgoblin
Aim: a hobgoblin, wearing a +0 robe (79% to hit)
The blast of sand hits the hobgoblin but does no damage.
The hobgoblin barely misses you.
The ball python bites you but does no damage.
The ball python constricts you.
You escape the ball python's grasp.
The hobgoblin completely misses you.
The ball python bites the plant.
The plant begins to die.
The ball python grabs the plant.
The ball python constricts the plant.
The ball python loses its grip on the plant.
A hobgoblin comes into view.
The hobgoblin shouts!
Casting: Sandblast (safe; 4% risk of failure)
Confirm with . or Enter, or press ? or * to list all spells.
Aiming: Sandblast (safe; 4% risk of failure)
Press: ? - help, Shift-Dir - straight line, f/p - hobgoblin
Aim: a hobgoblin, wearing a +0 robe (79% to hit)
The blast of sand hits the hobgoblin but does no damage.
The hobgoblin barely misses you.
Unknown command.
The hobgoblin hits the fungus.
The fungus begins to die.
The ball python bites you.
* * * LOW HITPOINT WARNING * * *
The ball python closely misses you.
The hobgoblin hits the fungus.
The ball python barely misses you. The ball python grabs you.
The ball python constricts you.
You die...

.......###.#. ..##
....... .... ...#
....... ##.#######$...
......##..†.......#
......#P........P.##..
#.#......)....P.#..
#...♣♣♣......♣.....
#.......P†P..♣♣.P...
#.♣.♣.P@....P...♣..#
#...♣.S.............
#..♣gP...<...P.♣....
#.PPg.........P.♣..#
#...P.P.....P..P...#
#.P..♣..P.P...P.....
#.................#
#..#.P.P........♣....
...###.P.P..♣.........


You could see 2 hobgoblins and a ball python.

Vanquished Creatures
  2 goblins (D:1)
  2 jackals (D:1)
  A rat (D:1)
5 creatures vanquished.

Vanquished Creatures (others)
  A plant (D:1)
1 creature vanquished.

Grand Total: 6 creatures vanquished

Notes
Turn   | Place    | Note
-------+----------+-------------------------------------------
     0 | D:1      | safid the Gargoyle Earth Elementalist began the quest for
                  | the Orb.
     0 | D:1      | Reached XP level 1. HP: 10/10 MP: 3/3
    64 | D:1      | Constricted to death by a ball python

Illustrated notes

Levels and vault maps discovered:
D:1:      wander_arrival_fairy_ring, layout_rooms,
          shapermc_ecumenical_altar_starsandcircs, minmay_tree_intersection

Action                   || total
-------------------------++-------
Melee: Dagger            ||     8
 Cast: Sandblast         ||     6
Armor: Robe              ||     5
Dodge: Dodged            ||    13
